AoeStats
← MrCristiPitesti

Arabian Desert

510433047Analyzed
1v1 RM · 1d ago on Oct 1, 2026· 33m 49s· 2 players
Game mode
Random Map
Map size
Tiny (2 player)
Population
200
Speed
Normal
Resources
Standard
Victory
Conquest
Starting age
Dark Age
Ending age
Imperial Age
RankedLock teamsTeams togetherTeam positionsShared explorationLock speedFull tech treeHidden civsTurbo modeCheats
Victory
Defeat
🇨🇳 Koreans · China
777
+15
🇷🇴 Franks · Romania
760
-15
MrCristiPitesti
10:46 Feudal Age
12:40 Double-Bit Axe
23:56 Castle Age
24:27 Stone Mining
25:55 Forging
25:45 Scale Mail Armor
26:27 Wheelbarrow
钢的根
7:13 Loom
10:31 Feudal Age
16:31 Man-at-Arms
23:01 Stone Mining
26:44 Castle Age
26:50 Scale Barding Armor
26:49 Gold Mining
27:07 Double-Bit Axe
31:46 Chain Barding Armor
31:37 Forging
32:25 Husbandry
Connection lost

Rejoining the realm…

Still unreachable

The connection could not be restored.

Session expired

The server has moved on; the page needs a fresh start.